[Event "ICC tourney 2260 (3 2)"]
[Site "Internet Chess Club"]
[Date "2020.12.31"]
[Round "3"]
[White "auggie29"]
[Black "hi321"]
[Result "0-1"]
[ICCResult "White checkmated"]
[WhiteElo "1095"]
[BlackElo "1433"]
[Opening "Queen's bishop game"]
[ECO "D00"]
[NIC "QP.08"]
[Time "12:29:56"]
[PlyCount "124"]
[TimeControl "180+2"]

1. d4 d5 2. Bf4 Nf6 3. Nf3 Nc6 4. e3 Bf5 5. Bb5 a6 6. Bd3 e6 7. Bxf5 exf5
8. Nc3 Bb4 9. a3 Bxc3+ 10. bxc3 Ne4 11. Qd3 Na5 12. Nd2 O-O 13. O-O Nxd2
14. Qxd2 Nc4 15. Qe2 Re8 16. Rfd1 Qd7 17. Qf3 c6 18. Qg3 Re6 19. h3 Rae8
20. Rdb1 b5 21. a4 Nd2 22. Rd1 Ne4 23. Qf3 Nxc3 24. Rd3 Nxa4 25. Raa3 Qb7
26. Be5 Nb2 27. Rdb3 Nc4 28. Qxf5 Nxe5 29. dxe5 Rxe5 30. Qf3 c5 31. Rd3 b4
32. Ra5 Qb6 33. Ra1 Qe6 34. Rad1 Rd8 35. c4 h6 36. cxd5 Qd6 37. e4 c4 38.
Rd4 Rc8 39. Qe3 c3 40. Rc1 f5 41. f3 fxe4 42. fxe4 a5 43. Qd3 a4 44. Rb1
Qc5 45. Kh1 a3 46. Rbxb4 c2 47. Rbc4 c1=Q+ 48. Rxc1 Qxc1+ 49. Kh2 Qf4+ 50.
Kh1 Rc1+ 51. Qd1 Rxd1+ 52. Rxd1 Qxe4 53. d6 Rd5 54. Rxd5 Qxd5 55. d7 Qxd7
56. Kh2 Qd6+ 57. g3 a2 58. h4 a1=Q 59. Kh3 Qe6+ 60. g4 Qe3+ 61. Kg2 Qb2+
62. Kf1 Qec1# { White checkmated } 0-1

[Event "ICC tourney 2260 (3 2)"]
[Site "Internet Chess Club"]
[Date "2020.12.31"]
[Round "3"]
[White "hackerguru"]
[Black "Supersamraat"]
[Result "0-1"]
[ICCResult "White resigns"]
[WhiteElo "1756"]
[BlackElo "1548"]
[Opening "Réti opening"]
[ECO "A11"]
[NIC "QP.09"]
[Time "12:30:08"]
[PlyCount "122"]
[TimeControl "180+2"]

1. Nf3 d5 2. c4 c6 3. e3 Nf6 4. Nc3 Bf5 5. cxd5 Nxd5 6. Qb3 Bc8 7. Bc4 e6
8. Nd4 Nxc3 9. bxc3 b5 10. Be2 a6 11. Bf3 Bb7 12. c4 Qb6 13. Rb1 c5 14.
Bxb7 Qxb7 15. Nf3 b4 16. a3 a5 17. a4 Nc6 18. d4 Rd8 19. d5 exd5 20. cxd5
Ne7 21. e4 f5 22. Ng5 fxe4 23. d6 Nd5 24. Ne6 Rxd6 25. Nxc5 Qc6 26. Nxe4
Re6 27. f3 Nc3 28. O-O Nxb1 29. Qxb1 Bc5+ 30. Kh1 O-O 31. Ng5 Rg6 32. Qb3+
Kh8 33. Nf7+ Rxf7 34. Qxf7 Rf6 35. Qc4 Bf8 36. Qb3 Qc3 37. Qd5 Qa3 38. Bxa3
bxa3 39. Qa2 Rb6 40. Rb1 Rd6 41. h3 h6 42. Rb3 Rd1+ 43. Kh2 Bd6+ 44. g3 Re1
45. Rxa3 Bxa3 46. Qxa3 Re2+ 47. Kg1 Re1+ 48. Kf2 Re8 49. f4 Kg8 50. g4 Kf7
51. f5 Rb8 52. Qa2+ Kf8 53. Kg3 Rb4 54. h4 Ke7 55. g5 hxg5 56. hxg5 Kd6 57.
f6 gxf6 58. gxf6 Rb8 59. f7 Rf8 60. Qa3+ Kd5 61. Qc5+ Kxc5 { White resigns
} 0-1

[Event "ICC tourney 2260 (3 2)"]
[Site "Internet Chess Club"]
[Date "2020.12.31"]
[Round "3"]
[White "ritterfork"]
[Black "Purushottam123"]
[Result "1-0"]
[ICCResult "Black checkmated"]
[WhiteElo "1846"]
[BlackElo "1663"]
[Opening "Sicilian: Smith-Morra gambit"]
[ECO "B21"]
[NIC "SI.48"]
[Time "12:30:14"]
[PlyCount "145"]
[TimeControl "180+2"]

1. e4 c5 2. d4 cxd4 3. c3 dxc3 4. Nxc3 e6 5. Nf3 d6 6. Bc4 Be7 7. O-O Nf6
8. Qe2 e5 9. Be3 O-O 10. Rfd1 Nc6 11. h3 Qa5 12. Rac1 Bd7 13. a3 Rac8 14.
Ba2 h6 15. Nd2 Nd4 16. Bxd4 exd4 17. Nd5 Nxd5 18. exd5 Bf6 19. Ne4 Be5 20.
Qd3 Bb5 21. Qd2 Qxd2 22. Nxd2 d3 23. Nc4 Bxc4 24. Bxc4 a6 25. Bxd3 Bxb2 26.
Rb1 Bxa3 27. Rxb7 Ra8 28. Ra1 Bc5 29. Rxa6 Rxa6 30. Bxa6 Ra8 31. Bd3 g6 32.
Rb2 Ra3 33. Be2 Ra1+ 34. Kh2 Bxf2 35. Bg4 Bd4 36. Rb8+ Kg7 37. Rd8 Bg1+ 38.
Kg3 Bd4 39. Bf3 Be5+ 40. Kf2 Ra2+ 41. Ke3 f5 42. Rd7+ Kf6 43. Rh7 f4+ 44.
Ke4 Ra4+ 45. Kd3 Rd4+ 46. Ke2 h5 47. Rd7 Ra4 48. Rh7 Ra2+ 49. Kd3 Ra3+ 50.
Ke2 Re3+ 51. Kd2 Kg5 52. Rd7 Bc3+ 53. Kc2 Be5 54. Kd2 Ra3 55. Ke2 Ra2+ 56.
Kd3 Kh4 57. Re7 Ra3+ 58. Ke2 Re3+ 59. Kf1 Rd3 60. Re6 Kg5 61. Ke2 h4 62.
Kxd3 Kf5 63. Bg4+ Kg5 64. Ke4 Kh6 65. Rxe5 dxe5 66. Kxe5 f3 67. gxf3 Kg5
68. d6 Kh6 69. d7 Kg7 70. d8=Q Kf7 71. Qd7+ Kf8 72. Kf6 Kg8 73. Qg7# {
Black checkmated } 1-0

[Event "ICC tourney 2260 (3 2)"]
[Site "Internet Chess Club"]
[Date "2020.12.31"]
[Round "3"]
[White "BillyC"]
[Black "KingRayfish"]
[Result "1-0"]
[ICCResult "Black checkmated"]
[WhiteElo "1948"]
[BlackElo "1469"]
[Opening "Giuoco Piano"]
[ECO "C54"]
[NIC "IG.02"]
[Time "12:30:12"]
[PlyCount "161"]
[TimeControl "180+2"]

1. e4 e5 2. Nf3 Nc6 3. Bc4 Bc5 4. c3 Nf6 5. d3 O-O 6. Bg5 h6 7. Bh4 d6 8.
b4 Bb6 9. a4 a5 10. b5 Ne7 11. Bxf6 gxf6 12. Nbd2 Kh7 13. Nh4 Ng6 14. Qh5
Nf4 15. Qf3 Be6 16. O-O-O c6 17. g3 Ng6 18. Bxe6 fxe6 19. Nxg6 Kxg6 20.
Qg4+ Kh7 21. Qxe6 cxb5 22. axb5 a4 23. Kb1 a3 24. Ka2 Qc7 25. Qc4 Qd7 26.
f4 Ra5 27. Rb1 Rc8 28. Qb3 Ra7 29. c4 Bc5 30. Rhf1 Bd4 31. f5 b6 32. Nf3
Bc5 33. Ne1 Rac7 34. Nc2 Qg7 35. Rbd1 Qg4 36. Rd2 Qg7 37. Rdd1 Ra8 38. Rfe1
Rca7 39. Re2 Ra4 40. Rdd2 R4a7 41. Rg2 Qe7 42. g4 Qg7 43. h4 Qh8 44. Rh2
Rg7 45. Rdg2 Rag8 46. g5 fxg5 47. hxg5 Rxg5 48. Rxg5 Rxg5 49. Nxa3 Bg1 50.
Rd2 Be3 51. Re2 Bc5 52. Kb2 Bd4+ 53. Ka2 Qg7 54. Qc2 Rg3 55. Rd2 Bc5 56.
Nb1 Qa7+ 57. Kb3 Rg1 58. Rd1 Rxd1 59. Qxd1 Qa5 60. Qg4 Qb4+ 61. Kc2 Qa4+
62. Kc1 Ba3+ 63. Kd2 Qb4+ 64. Ke2 Qb2+ 65. Kf3 Qxb1 66. Qg6+ Kh8 67. Qxh6+
Kg8 68. Qg6+ Kf8 69. f6 Qf1+ 70. Kg4 Qg2+ 71. Kf5 Qf3+ 72. Ke6 Qh3+ 73. Qf5
Qh8 74. f7 Qh6+ 75. Kd7 Qg7 76. Ke6 Bc5 77. Qh5 Bd4 78. Kxd6 Qxf7 79. Qh8+
Qg8 80. Qf6+ Ke8 81. Qe7# { Black checkmated } 1-0

[Event "ICC tourney 2260 (3 2)"]
[Site "Internet Chess Club"]
[Date "2020.12.31"]
[Round "4"]
[White "chessrex"]
[Black "hggonzalezzss"]
[Result "1-0"]
[ICCResult "Black resigns"]
[WhiteElo "1958"]
[BlackElo "1767"]
[Opening "Blackmar gambit"]
[ECO "D00"]
[NIC "QP.08"]
[Time "12:44:04"]
[PlyCount "31"]
[TimeControl "180+2"]

1. d4 d5 2. e4 dxe4 3. Nc3 e3 4. fxe3 g6 5. e4 Bg7 6. Nf3 Bg4 7. e5 Nc6 8.
Bb5 Nh6 9. d5 O-O 10. dxc6 Qc8 11. O-O Rd8 12. Qe2 a6 13. Bd3 e6 14. h3
Bxf3 15. Qxf3 Rf8 16. cxb7 { Black resigns } 1-0

[Event "ICC tourney 2260 (3 2)"]
[Site "Internet Chess Club"]
[Date "2020.12.31"]
[Round "4"]
[White "Tombstone"]
[Black "JensenUVA"]
[Result "1-0"]
[ICCResult "Black resigns"]
[WhiteElo "1990"]
[BlackElo "1516"]
[Opening "Neo-Grünfeld, 6.cd Nxd5, 7.O-O"]
[ECO "D74"]
[NIC "KI.80"]
[Time "12:44:01"]
[PlyCount "39"]
[TimeControl "180+2"]

1. d4 Nf6 2. c4 g6 3. Nf3 Bg7 4. g3 O-O 5. Bg2 d5 6. cxd5 Nxd5 7. O-O Nc6
8. e4 Nb6 9. d5 Na5 10. Nc3 c6 11. Bf4 cxd5 12. exd5 Bxc3 13. bxc3 Nxd5 14.
Be5 f6 15. Bd4 e5 16. Bc5 Rf7 17. Nxe5 fxe5 18. Bxd5 b6 19. Bxf7+ Kxf7 20.
Qxd8 { Black resigns } 1-0

[Event "ICC tourney 2260 (3 2)"]
[Site "Internet Chess Club"]
[Date "2020.12.31"]
[Round "4"]
[White "Chessnutt2014"]
[Black "ZAPPAWITS"]
[Result "1-0"]
[ICCResult "Black resigns"]
[WhiteElo "1941"]
[BlackElo "1713"]
[Opening "QGD semi-Slav"]
[ECO "D43"]
[NIC "SL.03"]
[Time "12:43:56"]
[PlyCount "67"]
[TimeControl "180+2"]

1. d4 d5 2. c4 c6 3. Nc3 Nf6 4. Nf3 e6 5. Bg5 h6 6. Bh4 g5 7. Bg3 Bd6 8. e3
dxc4 9. Bxc4 Nd5 10. O-O Nd7 11. Bxd6 N7b6 12. Bxd5 Qxd6 13. Bb3 Nd5 14.
Ne4 Qe7 15. Ne5 Bd7 16. Qf3 f5 17. Nc5 Bc8 18. Ng6 Qg7 19. Nxh8 Qg8 20.
Bxd5 cxd5 21. Qg3 Qxh8 22. Qd6 Qg7 23. Nxe6 Bxe6 24. Qxe6+ Kf8 25. Qxf5+
Kg8 26. Qxd5+ Kh8 27. Qe5 Qxe5 28. dxe5 Re8 29. Rfd1 Rxe5 30. Rac1 Kg7 31.
Rd7+ Kg6 32. Rxb7 a5 33. g4 Rd5 34. Rc6+ { Black resigns } 1-0

[Event "ICC tourney 2260 (3 2)"]
[Site "Internet Chess Club"]
[Date "2020.12.31"]
[Round "4"]
[White "Aahilvalliani"]
[Black "Braveninja"]
[Result "1-0"]
[ICCResult "Black resigns"]
[WhiteElo "813"]
[BlackElo "384"]
[Opening "QGA: 3.e4"]
[ECO "D20"]
[NIC "QG.04"]
[Time "12:43:50"]
[PlyCount "31"]
[TimeControl "180+2"]

1. d4 d5 2. c4 dxc4 3. e4 c3 4. Nxc3 Nf6 5. Nf3 Nc6 6. Be2 e6 7. O-O Bb4 8.
Be3 Bxc3 9. bxc3 O-O 10. e5 Ng4 11. Qd3 b6 12. h3 Nxe3 13. Qxe3 Qf6 14. Bd3
Bb7 15. exf6 Nb4 16. fxg7 { Black resigns } 1-0

[Event "ICC tourney 2260 (3 2)"]
[Site "Internet Chess Club"]
[Date "2020.12.31"]
[Round "4"]
[White "falcongw"]
[Black "shrey16ultimate"]
[Result "1-0"]
[ICCResult "Black checkmated"]
[WhiteElo "1256"]
[BlackElo "1601"]
[Opening "Caro-Kann: Panov-Botvinnik attack"]
[ECO "B13"]
[NIC "CK.03"]
[Time "12:43:53"]
[PlyCount "51"]
[TimeControl "180+2"]

1. e4 c6 2. d4 d5 3. exd5 cxd5 4. c4 Nf6 5. Nc3 Bf5 6. Nf3 e6 7. cxd5 Nxd5
8. Bb5+ Nd7 9. Ne5 Nf6 10. Bg5 Bb4 11. Bxf6 Bxc3+ 12. bxc3 gxf6 13. Nxd7
Ke7 14. Qb3 Qc7 15. Qb4+ Kd8 16. Nxf6 a6 17. Ba4 b5 18. Bb3 Rc8 19. Rd1 Qf4
20. O-O Qg5 21. d5 Qxf6 22. dxe6+ Kc7 23. Qc5+ Kb8 24. Qb6+ Ka8 25. Bd5+
Rc6 26. Bxc6# { Black checkmated } 1-0

[Event "ICC tourney 2260 (3 2)"]
[Site "Internet Chess Club"]
[Date "2020.12.31"]
[Round "4"]
[White "garynanoman"]
[Black "stephenwilly"]
[Result "1-0"]
[ICCResult "Black resigns"]
[WhiteElo "1850"]
[BlackElo "1496"]
[Opening "Ruy Lopez: Berlin defense, Beverwijk variation"]
[ECO "C65"]
[NIC "RL.07"]
[Time "12:44:11"]
[PlyCount "45"]
[TimeControl "180+2"]

1. e4 e5 2. Nf3 Nc6 3. Bb5 Nf6 4. O-O Bc5 5. c3 d5 6. exd5 Qxd5 7. d4 Be7
8. c4 Qd8 9. d5 Bg4 10. dxc6 O-O 11. Qxd8 Rfxd8 12. cxb7 Rab8 13. Nxe5 Rxb7
14. Nc6 Re8 15. Na5 Rxb5 16. cxb5 Be2 17. Re1 Bc5 18. Be3 Bd3 19. Nc3 Bb4
20. Bd4 Ne4 21. Nc6 f5 22. Nxb4 Kf7 23. Nxd3 { Black resigns } 1-0

[Event "ICC tourney 2260 (3 2)"]
[Site "Internet Chess Club"]
[Date "2020.12.31"]
[Round "4"]
[White "yogokings12"]
[Black "ranu540"]
[Result "1-0"]
[ICCResult "Black checkmated"]
[WhiteElo "1575"]
[BlackElo "1296"]
[Opening "Sicilian: Nimzovich-Rossolimo attack (with ...g6, without ...d6)"]
[ECO "B31"]
[NIC "SI.31"]
[Time "12:44:05"]
[PlyCount "105"]
[TimeControl "180+2"]

1. e4 c5 2. Nf3 Nc6 3. Bb5 g6 4. Bxc6 bxc6 5. O-O Bg7 6. c3 Nf6 7. Re1 O-O
8. d4 cxd4 9. cxd4 Rb8 10. Nc3 d5 11. e5 Ne4 12. Nxe4 dxe4 13. Rxe4 Bf5 14.
Re1 c5 15. dxc5 Qxd1 16. Rxd1 Rfd8 17. Rxd8+ Rxd8 18. Be3 Rd5 19. Rc1 Bxe5
20. Nxe5 Rxe5 21. c6 Rd5 22. c7 Kg7 23. g3 Bc8 24. Bxa7 Rd7 25. Bb8 Kf6 26.
Rb1 Ke6 27. b4 Kd6 28. b5 Kc5 29. b6 Kc6 30. a4 Kb7 31. a5 e6 32. Ra1 Re7
33. a6+ Kxb6 34. a7 Bb7 35. a8=Q Bxa8 36. Rxa8 Re8 37. Ba7+ Kxc7 38. Rxe8
Kb7 39. Be3 Kc6 40. Re7 Kd5 41. Rxf7 Ke5 42. Rxh7 Kf5 43. Kg2 Kf6 44. Kf3
Kf5 45. g4+ Ke5 46. Bf4+ Kf6 47. Ke4 e5 48. Bxe5+ Kg5 49. f4+ Kxg4 50. Rg7
Kh5 51. f5 gxf5+ 52. Kxf5 Kh4 53. Rh7# { Black checkmated } 1-0

[Event "ICC tourney 2260 (3 2)"]
[Site "Internet Chess Club"]
[Date "2020.12.31"]
[Round "4"]
[White "PearsonH"]
[Black "Purushottam123"]
[Result "0-1"]
[ICCResult "White checkmated"]
[WhiteElo "1756"]
[BlackElo "1663"]
[Opening "Queen's pawn, Mason variation, Steinitz counter-gambit"]
[ECO "D00"]
[NIC "QP.08"]
[Time "12:44:12"]
[PlyCount "84"]
[TimeControl "180+2"]

1. d4 d5 2. Bf4 c5 3. e3 Nc6 4. c3 Qb6 5. Qb3 c4 6. Qxb6 axb6 7. e4 e6 8.
Nd2 Nf6 9. e5 Nd7 10. Ngf3 b5 11. Be2 b4 12. O-O h6 13. Nb1 b3 14. a3 b5
15. Nbd2 Be7 16. Be3 O-O 17. h3 f6 18. exf6 Nxf6 19. Nh2 Bd6 20. f4 Bd7 21.
Nhf3 Rad8 22. Ne5 Bxe5 23. fxe5 Ne4 24. Nxe4 dxe4 25. Kh2 Ne7 26. g4 Nd5
27. Bg1 Nf4 28. Rf2 e3 29. Rf3 Nxe2 30. Rxe3 Nxg1 31. Kxg1 Bc6 32. Rf1
Rxf1+ 33. Kxf1 Rf8+ 34. Ke2 Rf4 35. Rg3 Re4+ 36. Kd2 Kf7 37. Rf3+ Kg6 38.
Rg3 Rf4 39. h4 Rf2+ 40. Kc1 Rc2+ 41. Kb1 Be4 42. Ka1 Rc1# { White
checkmated } 0-1

[Event "ICC tourney 2260 (3 2)"]
[Site "Internet Chess Club"]
[Date "2020.12.31"]
[Round "4"]
[White "karuto2006"]
[Black "pari538"]
[Result "1-0"]
[ICCResult "Black checkmated"]
[WhiteElo "1699"]
[BlackElo "1522"]
[Opening "Ruy Lopez: closed, Kholmov variation"]
[ECO "C92"]
[NIC "RL.21"]
[Time "12:43:51"]
[PlyCount "99"]
[TimeControl "180+2"]

1. e4 e5 2. Nf3 Nc6 3. Bb5 a6 4. Ba4 Nf6 5. O-O Be7 6. Re1 b5 7. Bb3 O-O 8.
c3 d6 9. h3 Be6 10. Bc2 Qd7 11. d4 exd4 12. cxd4 Nb4 13. Nc3 Nxc2 14. Qxc2
Qd8 15. d5 Bd7 16. Nd4 Rc8 17. a4 c5 18. dxc6 Bxc6 19. Nxc6 Rxc6 20. Qb3
bxa4 21. Qxa4 Qb6 22. Be3 Qc7 23. Rec1 Nd7 24. Nd5 Nc5 25. Bxc5 dxc5 26.
Nxe7+ Qxe7 27. Qxc6 h6 28. Qxc5 Qxe4 29. Qe3 Qb7 30. Rc2 Rc8 31. Rxc8+ Qxc8
32. Qc3 Qb7 33. Rc1 Kh7 34. Qc2+ g6 35. Qc7 Qxc7 36. Rxc7 Kg7 37. Ra7 Kf6
38. Rxa6+ Kg5 39. Rc6 f5 40. b4 h5 41. b5 Kh6 42. b6 Kg5 43. b7 Kh6 44.
b8=Q Kg5 45. h4+ Kg4 46. f3+ Kxh4 47. Qd8+ g5 48. Rc4+ f4 49. Rxf4+ Kg3 50.
Qxg5# { Black checkmated } 1-0

[Event "ICC tourney 2260 (3 2)"]
[Site "Internet Chess Club"]
[Date "2020.12.31"]
[Round "4"]
[White "MIEMBR"]
[Black "andrewj508"]
[Result "1-0"]
[ICCResult "Black resigns"]
[WhiteElo "1842"]
[BlackElo "1270"]
[Opening "Queen's pawn game"]
[ECO "D02"]
[NIC "QP.08"]
[Time "12:44:34"]
[PlyCount "41"]
[TimeControl "180+2"]

1. d4 d5 2. Nf3 Bf5 3. g3 e6 4. Bg2 Nf6 5. c4 c6 6. Qb3 Qc7 7. Bf4 Qc8 8.
O-O Na6 9. a3 Be7 10. Nc3 Qd7 11. Ne5 Qc8 12. Rac1 O-O 13. cxd5 exd5 14.
Nxd5 Be6 15. Nxe7+ Kh8 16. Nxc8 Bxb3 17. Nd6 Rad8 18. Nf5 g6 19. Bg5 Nd5
20. Bxd8 Rxd8 21. Nxf7+ { Black resigns } 1-0

[Event "ICC tourney 2260 (3 2)"]
[Site "Internet Chess Club"]
[Date "2020.12.31"]
[Round "4"]
[White "Zapateado"]
[Black "A4-H5"]
[Result "1-0"]
[ICCResult "Black checkmated"]
[WhiteElo "1908"]
[BlackElo "1999"]
[Opening "English: Sicilian reversed"]
[ECO "A25"]
[NIC "EO.20"]
[Time "12:44:08"]
[PlyCount "105"]
[TimeControl "180+2"]

1. c4 e5 2. Nc3 Nc6 3. g3 h5 4. h4 Bc5 5. e3 d6 6. Be2 f5 7. Nf3 e4 8. Ng5
Nf6 9. Nd5 Ne5 10. Nxf6+ Qxf6 11. Bxh5+ g6 12. Be2 Bd7 13. O-O O-O-O 14.
Rb1 a5 15. a3 a4 16. b4 axb3 17. Qxb3 Bc6 18. Bb2 Qe7 19. Bd4 Bxd4 20. exd4
Nf3+ 21. Bxf3 exf3 22. d5 Kd7 23. dxc6+ bxc6 24. Qxf3 Qf6 25. Rfe1 f4 26.
Qg4+ Qf5 27. Qxf5+ gxf5 28. Nf7 fxg3 29. fxg3 Rhg8 30. Nxd8 Rxg3+ 31. Kh2
Rxa3 32. Ne6 Ra2 33. Rbd1 Rc2 34. h5 Rxc4 35. Kh3 Ra4 36. h6 Ra8 37. h7 Rh8
38. Ng5 f4 39. Kh4 f3 40. Kh5 f2 41. Re2 d5 42. Kg6 d4 43. Kg7 d3 44. Rxf2
Rxh7+ 45. Nxh7 Kd6 46. Rf5 c5 47. Rc1 Ke6 48. Rcxc5 c6 49. Rf6+ Kd7 50.
Rcxc6 Ke7 51. Rf7+ Kd8 52. Ra6 Kc8 53. Ra8# { Black checkmated } 1-0

[Event "ICC tourney 2260 (3 2)"]
[Site "Internet Chess Club"]
[Date "2020.12.31"]
[Round "4"]
[White "VeronicaG"]
[Black "Supersamraat"]
[Result "1-0"]
[ICCResult "Black checkmated"]
[WhiteElo "1828"]
[BlackElo "1548"]
[Opening "Queen's pawn: London system"]
[ECO "A45"]
[NIC "QP.07"]
[Time "12:44:01"]
[PlyCount "89"]
[TimeControl "180+2"]

1. d4 Nf6 2. Bf4 g6 3. Nc3 Bg7 4. e4 d6 5. Qd2 O-O 6. O-O-O Nbd7 7. Nf3 c5
8. dxc5 Nxc5 9. e5 Nh5 10. Be3 Qb6 11. Nd5 Qd8 12. Bxc5 dxc5 13. Nf6+ exf6
14. Qxd8 Rxd8 15. Rxd8+ Bf8 16. Bb5 b6 17. Ba6 Bb7 18. Rxf8+ Rxf8 19. Bxb7
Rb8 20. Bd5 Nf4 21. Bc4 fxe5 22. g3 Nh5 23. Nxe5 Rb7 24. Nxf7 Rxf7 25.
Bxf7+ Kxf7 26. Rd1 Ke7 27. Re1+ Kf7 28. Kd2 Nf6 29. Kc3 Nd5+ 30. Kb3 Nb4
31. a3 Nc6 32. Rd1 Nd4+ 33. Kc3 Ne2+ 34. Kc4 Ke7 35. Re1 Kd6 36. Rxe2 Kc6
37. Re7 a6 38. Rxh7 a5 39. Rg7 a4 40. Rxg6+ Kb7 41. h4 Ka6 42. h5 Ka5 43.
h6 b5+ 44. Kxc5 b4 45. axb4# { Black checkmated } 1-0

[Event "ICC tourney 2260 (3 2)"]
[Site "Internet Chess Club"]
[Date "2020.12.31"]
[Round "4"]
[White "Viking21"]
[Black "DualMoneytime"]
[Result "0-1"]
[ICCResult "White checkmated"]
[WhiteElo "1905"]
[BlackElo "1960"]
[Opening "French: Burn variation"]
[ECO "C11"]
[NIC "FR.05"]
[Time "12:43:55"]
[PlyCount "64"]
[TimeControl "180+2"]

1. e4 e6 2. d4 d5 3. Nc3 Nf6 4. Bg5 dxe4 5. Nxe4 Be7 6. Nxf6+ Bxf6 7. Bxf6
Qxf6 8. c3 b6 9. Nf3 Bb7 10. Bb5+ c6 11. Bd3 Nd7 12. Be4 Qf4 13. Qe2 Nf6
14. Bd3 O-O 15. O-O c5 16. dxc5 Bxf3 17. Qxf3 Qxf3 18. gxf3 bxc5 19. Rfe1
Rab8 20. b3 Nd5 21. Re5 Rfd8 22. Bc4 Nxc3 23. Rxc5 Rd2 24. Bxe6 Ne2+ 25.
Kf1 fxe6 26. Re1 Nd4 27. Rc7 Rf8 28. Rec1 Rxf3 29. Rc8+ Kf7 30. R1c7+ Kg6
31. Rg8 Rfxf2+ 32. Ke1 Nf3# { White checkmated } 0-1

[Event "ICC tourney 2260 (3 2)"]
[Site "Internet Chess Club"]
[Date "2020.12.31"]
[Round "4"]
[White "Kinawa"]
[Black "kittypuppy"]
[Result "1-0"]
[ICCResult "Black checkmated"]
[WhiteElo "1535"]
[BlackElo "1135"]
[Opening "Caro-Kann: Bronstein-Larsen variation"]
[ECO "B16"]
[NIC "CK.07"]
[Time "12:43:48"]
[PlyCount "59"]
[TimeControl "180+2"]

1. e4 c6 2. d4 d5 3. Nc3 dxe4 4. Nxe4 Nf6 5. Nxf6+ gxf6 6. c3 Bf5 7. Nf3 e6
8. g3 Bd6 9. Bg2 Nd7 10. Bh6 Qc7 11. Nh4 Bg6 12. Qd2 f5 13. O-O-O Bh5 14.
f3 Qa5 15. Kb1 Nb6 16. Rc1 Nc4 17. Qf2 Qb5 18. Bf1 Ba3 19. Bxc4 Qxc4 20.
bxa3 Qa4 21. Qb2 b5 22. Bg7 Rg8 23. Be5 Qc4 24. Qb4 Qd3+ 25. Ka1 a5 26. Qc5
Rc8 27. Bf6 Rc7 28. Qd6 Rd7 29. Qb8+ Rd8 30. Qxd8# { Black checkmated } 1-0

[Event "ICC tourney 2260 (3 2)"]
[Site "Internet Chess Club"]
[Date "2020.12.31"]
[Round "4"]
[White "MehPlayer"]
[Black "TacoCat"]
[Result "0-1"]
[ICCResult "White forfeits on time"]
[WhiteElo "1528"]
[BlackElo "1882"]
[Opening "Giuoco Piano: four knights variation"]
[ECO "C42"]
[NIC "RG.01"]
[Time "12:44:08"]
[PlyCount "72"]
[TimeControl "180+2"]

1. e4 e5 2. Nf3 Nf6 3. Nc3 Bc5 4. Bc4 Nc6 5. O-O d6 6. d3 Bg4 7. Bg5 Nd4 8.
a3 Nxf3+ 9. gxf3 Bh3 10. Re1 c6 11. f4 exf4 12. Bxf4 Ng4 13. d4 Qf6 14. Be3
Nxe3 15. Rxe3 Bxd4 16. Rxh3 Bxf2+ 17. Kh1 O-O-O 18. Qf3 Qd4 19. Bb3 f6 20.
Rd1 Qc5 21. Na4 Qe5 22. Qxf2 Qxe4+ 23. Qf3 Qe5 24. Nc3 Rhe8 25. Qg4+ f5 26.
Qf3 d5 27. Rxh7 d4 28. Na2 Rh8 29. Rxh8 Rxh8 30. Qg2 f4 31. Rf1 g5 32. Qg4+
Kb8 33. h3 Qe3 34. Rf3 Qe1+ 35. Kh2 Qe2+ 36. Qg2 Qe4 { White forfeits on
time } 0-1

[Event "ICC tourney 2260 (3 2)"]
[Site "Internet Chess Club"]
[Date "2020.12.31"]
[Round "4"]
[White "alexsaidfeghhi"]
[Black "atippa"]
[Result "1-0"]
[ICCResult "Black forfeits on time"]
[WhiteElo "1902"]
[BlackElo "1732"]
[Opening "Scotch: Mieses variation"]
[ECO "C45"]
[NIC "SO.04"]
[Time "12:43:49"]
[PlyCount "47"]
[TimeControl "180+2"]

1. e4 e5 2. Nf3 Nc6 3. d4 exd4 4. Nxd4 Nf6 5. Nxc6 bxc6 6. e5 Qe7 7. Qe2
Nd5 8. c4 Nb6 9. Nc3 Ba6 10. Qe4 g6 11. Bd3 Bg7 12. f4 O-O 13. O-O Nxc4 14.
b3 d5 15. Qe2 Qc5+ 16. Kh1 Ne3 17. Bxe3 Qxc3 18. Bxa6 d4 19. Bd2 Qc5 20.
Rac1 Qe7 21. Rxc6 f6 22. Rfc1 fxe5 23. Rxc7 Qd6 24. Qc4+ { Black forfeits
on time } 1-0

[Event "ICC tourney 2260 (3 2)"]
[Site "Internet Chess Club"]
[Date "2020.12.31"]
[Round "4"]
[White "Udonramen"]
[Black "VincentT2008"]
[Result "0-1"]
[ICCResult "White resigns"]
[WhiteElo "1947"]
[BlackElo "1743"]
[Opening "King's Indian: London system"]
[ECO "A45"]
[NIC "QP.03"]
[Time "12:44:23"]
[PlyCount "76"]
[TimeControl "180+2"]

1. d4 Nf6 2. Bf4 g6 3. Nf3 Bg7 4. e3 d6 5. Nc3 Nh5 6. Bg3 Nxg3 7. hxg3 c6
8. Bc4 Nd7 9. Ng5 d5 10. Bd3 h6 11. Nxf7 Kxf7 12. Bxg6+ Kxg6 13. Qh5+ Kh7
14. Qf5+ Kg8 15. Qe6+ Kf8 16. Qg6 Qe8 17. Qg4 Nf6 18. Qf3 Qf7 19. g4 Bxg4
20. Qg3 h5 21. f3 Bf5 22. O-O-O Qg6 23. Qh4 Bh6 24. Rde1 Re8 25. b3 Bg5 26.
Qf2 h4 27. Kb2 h3 28. e4 Bd7 29. e5 Bh4 30. g3 Bxg3 31. Qg1 h2 32. Qe3 Bxe1
33. Qxe1 Ng8 34. f4 Bf5 35. Ne2 e6 36. Ng3 Ne7 37. Nxf5 Nxf5 38. Qf2 Qh5 {
White resigns } 0-1

[Event "ICC tourney 2260 (3 2)"]
[Site "Internet Chess Club"]
[Date "2020.12.31"]
[Round "4"]
[White "Feugon"]
[Black "DFKnights"]
[Result "1-0"]
[ICCResult "Black checkmated"]
[WhiteElo "1982"]
[BlackElo "1802"]
[Opening "Nimzovich-Larsen attack: Indian variation"]
[ECO "A01"]
[NIC "VO.08"]
[Time "12:44:05"]
[PlyCount "105"]
[TimeControl "180+2"]

1. b3 Nf6 2. Bb2 g6 3. c4 Bg7 4. g3 O-O 5. Bg2 d6 6. Nf3 Nbd7 7. d4 Rb8 8.
Nc3 c5 9. O-O b6 10. d5 Bb7 11. Qc2 e5 12. e4 Nh5 13. Nd2 a6 14. Qd3 Qe7
15. a3 Rbe8 16. b4 Bc8 17. b5 a5 18. Rae1 Qg5 19. Bc1 Qd8 20. Bf3 Ndf6 21.
Na4 Bh3 22. Bg2 Bxg2 23. Kxg2 Nd7 24. Nf3 h6 25. Ng1 Kh7 26. Nh3 Qf6 27.
Bb2 g5 28. f4 Qd8 29. Qf3 Nhf6 30. fxg5 hxg5 31. Nxg5+ Kg8 32. h4 Nh7 33.
Nxh7 Kxh7 34. Qh5+ Kg8 35. Rf5 Nf6 36. Qf3 Nh7 37. Bc1 Re7 38. Rf1 Rd7 39.
Qg4 Kh8 40. Rh5 Rg8 41. Qf5 Bh6 42. Rxh6 Rg7 43. Bg5 Qe8 44. Bf6 Kg8 45.
Bxg7 Kxg7 46. Qxh7+ Kf8 47. Qh8+ Ke7 48. Qxe8+ Kxe8 49. Rh8+ Ke7 50. Rh7
Ke8 51. Nxb6 Rb7 52. Nc8 Rd7 53. Rh8# { Black checkmated } 1-0

[Event "ICC tourney 2260 (3 2)"]
[Site "Internet Chess Club"]
[Date "2020.12.31"]
[Round "4"]
[White "AirMaisem"]
[Black "aberdeenace"]
[Result "1-0"]
[ICCResult "Black checkmated"]
[WhiteElo "1171"]
[BlackElo "1546"]
[Opening "Robatsch (modern) defense"]
[ECO "B06"]
[NIC "KF.06"]
[Time "12:44:06"]
[PlyCount "81"]
[TimeControl "180+2"]

1. e4 g6 2. Nf3 Bg7 3. Bc4 e6 4. O-O Ne7 5. Nc3 c6 6. d4 d5 7. exd5 cxd5 8.
Bb5+ Bd7 9. Bxd7+ Nxd7 10. Be3 a6 11. Qd2 O-O 12. Bh6 Nf5 13. Bxg7 Kxg7 14.
Ne2 Rc8 15. c3 Nb6 16. b3 Nd6 17. Ng3 Nb5 18. Rac1 Rc6 19. a4 Nd6 20. Ne5
Ne4 21. Nxe4 dxe4 22. Nxc6 bxc6 23. Qe3 f5 24. f3 exf3 25. Qxf3 Qd6 26. Qf4
Qe7 27. Qe5+ Kf7 28. g4 Nd5 29. gxf5 gxf5 30. c4 Nb4 31. Rcd1 Nc2 32. d5
cxd5 33. cxd5 Qc5+ 34. Kh1 Qe3 35. dxe6+ Ke8 36. Qb8+ Ke7 37. Qc7+ Kf6 38.
Qxc2 Qxe6 39. Qc3+ Kg6 40. Rg1+ Kh6 41. Qh3# { Black checkmated } 1-0